 Dungeon Crawl Stone Soup version 0.31-a0-219-g8d62b2e7bb (webtiles) character file.

Game seed: 4950445886014867997

159019 qw the Peltast (level 17, -9/111 HPs)
             Began as a Gargoyle Fighter on July 3, 2023.
             Was an Elder of Okawaru.
             Mangled by a naga warrior
             ... wielding a +0 dire flail
              (16 damage)
             ... on level 3 of the Snake Pit.
             The game lasted 00:17:26 (26768 turns).

qw the Peltast (Gargoyle Fighter)                  Turns: 26768, Time: 00:17:27

Health: -9/111     AC: 44    Str: 39    XL:     17   Next: 73%
Magic:  22/24      EV: 15    Int:  7    God:    Okawaru [****..]
Gold:   811        SH: 23    Dex: 15    Spells: 16/16 levels left

rFire   + . .        w - +1 war axe (vamp)
rCold   + . .        C - +0 tower shield
rNeg    + . .        t - +5 plate armour of True Grit {rF+ Dex+3 Slay+3 Stlth+}
rPois   inf          u - +1 helmet of the Abyss {-Cast Fly rC+ Str+5 Stlth-}
rElec   +            o - scarf "Mikkuch" {repulsion, Dex+3}
rCorr   .            x - +2 pair of gloves
SInv    .            l - +1 pair of boots
Will    +....        D - amulet of faith Stlth
                     F - +5 ring of evasion
HPRegen 0.38/turn    A - +6 ring of strength
MPRegen 0.19/turn

%: no spellcasting, repel missiles, faith
@: about to teleport, heroic, flying, slowed, constricted, very slow
A: sickness immunity, AC +12, big wings, negative energy resistance 1,
electricity resistance, torment resistance 1, petrification resistance, dopey 1
a: Renounce Religion, Heroism, Finesse


You were on level 3 of the Snake Pit.
You worshipped Okawaru.
Okawaru was greatly pleased with you.
You visited 4 branches of the dungeon, and saw 25 of its levels.
You visited the Abyss 1 time.
You also visited: Sewer.

You collected 2579 gold pieces.
You spent 1768 gold pieces at shops.


Innate Abilities, Weirdness & Mutations

You are immune to sickness and miasma.
Your stone body is resilient. (AC +12)
You are immune to poison.
Your large and strong wings let you fly.
You resist negative energy. (rN+)
You are resistant to electric shocks. (rElec)
You are resistant to unholy torment.
You are immune to petrification.
You are dopey. (Int -2)


   Skills:
 - Level 14.0(19.0) Fighting
 - Level 16.0(21.0) Axes
 - Level 8.0(13.0) Throwing
 + Level 12.2(17.2) Armour
 - Level 5.0(10.0) Dodging
 - Level 18.0(23.0) Shields
 - Level 10.0 Invocations


You had 16 spell levels left.
You didn't know any spells.
Your spell library was empty.

Inventory:

Hand Weapons
 c - a +0 morningstar of protection
 w - a +1 vampiric war axe (weapon)
 E - a +2 war axe of freezing
Missiles
 b - 23 boomerangs
 e - 3 silver boomerangs
 s - 2 silver javelins (quivered)
Armour
 a - +0 acid dragon scales
 j - the +0 helmet of the Arena {-Cast Rampage rF+ rN++}
   (You found it on level 2 of the Dungeon)

   rF:        It protects you from fire.
   rN:        It greatly protects you from negative energy.
   -Cast:     It prevents spellcasting.
   Rampage:   It bestows one free step when moving towards enemies.
 l - a +1 pair of boots (worn)
 o - the scarf "Mikkuch" (worn) {repulsion, Dex+3}
   (Okawaru gifted it to you on level 5 of the Lair of Beasts)

   Dex:       It affects your dexterity (+3).
 r - a +2 cloak of preservation
 t - the +5 plate armour of True Grit (worn) {rF+ Dex+3 Slay+3 Stlth+}
   (Okawaru gifted it to you on level 13 of the Dungeon)

   Dex:       It affects your dexterity (+3).
   Slay:      It affects your accuracy & damage with ranged weapons and melee
   (+3).
   rF:        It protects you from fire.
   Stlth:     It makes you more stealthy.
 u - the +1 helmet of the Abyss (worn) {-Cast Fly rC+ Str+5 Stlth-}
   (Okawaru gifted it to you on level 15 of the Dungeon)

   Str:       It affects your strength (+5).
   rC:        It protects you from cold.
   Fly:       It grants you flight.
   -Cast:     It prevents spellcasting.
   Stlth:     It makes you less stealthy.
 x - a +2 pair of gloves (worn)
 C - a +0 tower shield (worn)
Jewellery
 g - an amulet of reflection
 v - a ring of resist corrosion
 z - a ring of protection from cold
 A - a +6 ring of strength (right hand)
 D - an amulet of faith (around neck)
 F - a +5 ring of evasion (left hand)
 J - the ring "Cugh" {rCorr Int+2 Dex-3 Slay+3}
   (You bought it in a shop on level 2 of the Orcish Mines)

   [ring of resist corrosion]

   Int:       It affects your intelligence (+2).
   Dex:       It affects your dexterity (-3).
   Slay:      It affects your accuracy & damage with ranged weapons and melee
   (+3).
   rCorr:     It protects you from acid and corrosion.
 K - the ring "Sestreer" {rPois rF+ Int+3 Dex+4}
   (You bought it in a shop on level 2 of the Orcish Mines)

   [ring of protection from fire]

   Int:       It affects your intelligence (+3).
   Dex:       It affects your dexterity (+4).
   rF:        It protects you from fire.
   rPois:     It protects you from poison.
 L - a ring of protection from cold
Wands
 y - a wand of digging (10)
Scrolls
 i - 10 scrolls of identify
 p - 6 scrolls of teleportation
 I - a scroll of brand weapon
Potions
 d - 4 potions of might
 f - a potion of enlightenment
 h - 3 potions of cancellation
 k - 7 potions of lignification
 m - 4 potions of magic
 n - 5 potions of attraction
 q - 3 potions of curing
 B - 4 potions of mutation
 G - 2 potions of heal wounds
 H - 3 potions of haste

Dungeon Overview and Level Annotations

Branches:
Dungeon (15/15)            Temple (0/1) D:6            Lair (5/5) D:9
 Shoals (0/4) Lair:3        Snake (3/4) Lair:3        Slime (0/5) Lair:5
    Orc (2/2) D:9             Elf (0/3) Orc:2        Vaults (0/5) D:13
 Depths (0/4) D:15          Sewer (visited)

Altars:
Dithmenos
Fedhas
Hepliaklqana
Kikubaaqudgha
Makhleb
Nemelex Xobeh
Okawaru
Qazlal
Ru
Sif Muna
Vehumet
Jiyva

Shops:
D:2 [   D:9 *   Orc:2 *(=((

Annotations:
D:3 1 runed translucent door, qw's ghost, amateur MiHs
D:14 36 runed doors
Snake:1 3 runed translucent doors, Gygal Fez's ghost, adept MiFi; wjtupper's ghost, adept MiHu


Message History

You closely miss the salamander.
The naga warrior hits you with a +0 dire flail!!!
The naga warrior constricts you. You block the salamander's attack.
The salamander mystic closely misses you.
You block the naga warrior's attack. The naga warrior constricts you.
You hear a shout! x2
26766 ||| INVOKING Heroism.
You gain the combat prowess of a mighty hero.
You can no longer enter into single combat with a foe.
Okawaru will no longer gift you equipment.
The naga warrior hits you with a +0 dire flail!
The naga warrior constricts you.
The salamander hits you with a +0 trident!
You are engulfed in flames.
You resist.
The salamander hits you but does no damage.
You block the salamander mystic's attack.
The naga warrior misses you. The naga warrior constricts you.
You block the salamander's attack.
A guardian serpent comes into view.
You hit the naga warrior.
The naga warrior is heavily wounded.
You slash the salamander! x2; You slash the salamander mystic!
You block the naga warrior's attack. The naga warrior constricts you.
You block the salamander mystic's attack.
The salamander hits you but does no damage.
The salamander misses you.
The naga warrior hits you with a +0 dire flail!
The naga warrior constricts you.
26768 ||| READING 7 scrolls of teleportation.
As you read the scroll of teleportation, it crumbles to dust.
You feel strangely unstable.
You block the salamander mystic's attack.
The naga warrior spits poison at you.
The splash of poison is repelled.
The naga warrior constricts you.
A naga comes into view. It is wielding a +0 halberd.
The salamander hits you with a +0 trident!
You are engulfed in flames.
You resist. You block the salamander's attack.
You block the salamander mystic's attack.
The naga warrior hits you with a +0 dire flail!
You die...

##....###.##..|.#
#......##.#..#### #..#
#.##.#.#######.
...###..#........:..
.............###########
...###).................
.#..##(......>..(.......
###..#.........NNN......
####......#####)@)......
.[.............N%)......
###.#..%................
.............S.[........
..<...##.##..##...?.....
####.##..##.............
####.#.>###N##..........
.......# # ##..###....
.##.####


You could see a naga warrior (fast, strong, catching breath), a salamander
mystic (strong), 2 salamanders, a guardian serpent and a naga.

Vanquished Creatures
  4 tentacled starspawn (Abyss:2)
  Gastronok (Lair:1)
  Kirke (D:15)
  Louise (D:15)
  A cacodemon (Abyss:2)
  An orc warlord (Orc:2)
  2 very ugly things (Abyss:2)
  A stone giant (D:15)
  A purple draconian (Abyss:2)
  Azrael (D:12)
  Josephine (Lair:3)
  Erolcha (D:11)
  A merfolk avatar (Lair:5)
  A salamander tyrant (Snake:2)
  6 hydras
  An anaconda (Snake:1)
  Erica (Lair:2)
  7 boulder beetles
  A catoblepas (D:14)
  3 two-headed ogres
  2 dancing weapons (D:13)
  8 centaur warriors
  6 naga warriors
  A death knight (D:11)
  8 naga sharpshooters
  2 tengu warriors
  19 death yaks
  6 orc high priests (Orc:2)
  2 shock serpents
  Nergalle (D:12)
  A sixfirhy (Abyss:2)
  Lodul (D:11)
  A death drake (Abyss:2)
  A deep troll (Lair:2)
  3 phantasmal warriors
  An orange crystal statue (D:9)
  8 orc knights
  Pikel (D:8)
  8 orc sorcerers
  7 deep elf zephyrmancers
  An oklob plant (Lair:5)
  4 mana vipers
  3 manticores (Lair:5)
  11 salamanders
  10 deep elf pyromancers
  9 ugly things
  5 cyclopes
  A worldbinder (Abyss:2)
  A black mamba (shapeshifter) (D:14)
  5 naga magi
  14 black mambas
  8 elephants
  2 guardian serpents
  Maurice (D:13)
  4 torpor snails
  An orange demon (Abyss:2)
  3 gargoyles
  12 cane toads
  An eye of devastation (shapeshifter) (D:13)
  2 unseen horrors
  Psyche (D:8)
  6 rime drakes
  2 kobold demonologists
  3 freezing wraiths (D:11)
  A tormentor (Abyss:2)
  9 komodo dragons
  A tengu conjurer (D:11)
  An ancient zyme (Abyss:2)
  A burning bush (Lair:2)
  A red devil (Abyss:2)
  A queen bee (D:13)
  8 trolls
  A hornet (shapeshifter) (D:14)
  4 meliai (D:13)
  3 polar bears
  3 hornets
  A wind drake (Lair:5)
  Grinder (D:6)
  6 blink frogs (Lair:1)
  2 snapping turtles (Lair:5)
  11 dream sheep (Lair:5)
  6 raiju
  A slime creature (D:13)
  2 shadows
  10 wyverns
  55 yaks
  5 basilisks
  4 large abominations (Abyss:2)
  A vampire (D:12)
  9 wraiths
  A ynoxinul (Abyss:2)
  5 fire elementals (D:12)
  2 humans (D:15)
  3 starcursed masses (Abyss:2)
  A wyvern (shapeshifter) (D:15)
  3 fire bats (Lair:4)
  A small abomination (Abyss:2)
  4 hogs (D:15)
  2 steam dragons
  12 vampire mosquitoes
  Grum (D:8)
  A chaos spawn (Abyss:2)
  A neqoxec (Abyss:2)
  5 wargs
  26 nagas
  20 water moccasins
  2 acid dragons
  8 hell hounds
  3 ice beasts
  4 sky beasts
  Pargi (Sewer)
  31 orc warriors
  24 wolves
  12 ogres
  A boggart (D:8)
  12 centaurs
  2 phantoms
  2 lemures (D:8)
  A kobold brigand (D:11)
  18 bullfrogs
  A gnoll sergeant (D:13)
  7 scorpions
  19 wights
  35 killer bees
  6 howler monkeys
  27 orc priests
  2 gnoll boudas
  An iron imp (Abyss:2)
  6 jellies
  2 sleepcaps
  2 iguanas (D:5)
  18 orc wizards
  4 hell rats (Lair:3)
  7 adders
  8 gnolls
  A shadow imp (D:6)
  3 white imps
  2 ufetubi (D:6)
  2 worms
  3 dart slugs
  72 orcs
  4 ball pythons
  11 bats
  3 endoplasms
  2 giant cockroaches
  12 goblins
  7 hobgoblins
  7 jackals
  8 quokkas
  4 frilled lizards (D:2)
  13 kobolds
  7 rats
  3 starspawn tentacles (Abyss:2)
900 creatures vanquished.

Vanquished Creatures (others)
  A deep elf knight (Orc:2)
  A naga (Snake:3)
  9 starspawn tentacles (Abyss:2)
11 creatures vanquished.

Grand Total: 911 creatures vanquished

Notes
Turn   | Place    | Note
-------+----------+-------------------------------------------
     0 | D:1      | qw the Gargoyle Fighter began the quest for the Orb.
     0 | D:1      | Reached XP level 1. HP: 14/14 MP: 1/1
     0 | D:1      | 0 ||| qw: Version: 0.3-a-40-ge99b1a8
     0 | D:1      | 0 ||| qw: Game counter: 352
     0 | D:1      | 0 ||| qw: Melee chars always use a shield: true
     0 | D:1      | 0 ||| qw: God list: Okawaru
     0 | D:1      | 0 ||| qw: Allow faded altars: false
     0 | D:1      | 0 ||| qw: Do Orc after clearing Dungeon:15 true
     0 | D:1      | 0 ||| qw: Do second Lair branch before Depths: true
     0 | D:1      | 0 ||| qw: Lair rune preference: random
     0 | D:1      | 0 ||| qw: Goals: Normal, Zot:1-4, Slime:5, God:TSO, Crypt,
                  | Tomb, Abyss, Pan, Hells, Win
     0 | D:1      | 0 ||| PLANNING D:1-11
    46 | D:1      | 46 ||| Stepping ~*~*~tactically~*~*~ (stealth).
    49 | D:1      | 49 ||| Stepping ~*~*~tactically~*~*~ (stealth).
    50 | D:1      | 50 ||| Stepping ~*~*~tactically~*~*~ (stealth).
   115 | D:1      | Reached XP level 2. HP: 19/19 MP: 2/2
   398 | D:1      | 398 ||| Stepping ~*~*~tactically~*~*~ (stealth).
   415 | D:1      | Reached skill level 3 in Axes
   415 | D:1      | 415 ||| Stepping ~*~*~tactically~*~*~ (stealth).
   446 | D:1      | Reached XP level 3. HP: 22/23 MP: 3/3
   509 | D:1      | Found a faded altar of an unknown god.
   744 | D:1      | 744 ||| UPGRADING to +0 helmet.
   749 | D:1      | 749 ||| UPGRADING to amulet of reflection.
   754 | D:1      | 754 ||| READING scroll labelled ERUATOIGRO.
   765 | D:1      | 765 ||| READING 3 scrolls labelled LYEMUI KESIQ.
   766 | D:1      | 766 ||| READING scroll labelled SOIMAD JAYZ.
   767 | D:1      | 767 ||| READING scroll labelled GUMERPHO WUAWNESE.
   768 | D:1      | 768 ||| READING 2 scrolls of identify.
   768 | D:1      | 768 ||| IDENTIFYING fizzy cyan potion
   787 | D:2      | 787 ||| Stepping ~*~*~tactically~*~*~ (hiding).
   816 | D:2      | 816 ||| Stepping ~*~*~tactically~*~*~ (stealth).
   817 | D:2      | 817 ||| Stepping ~*~*~tactically~*~*~ (stealth).
   820 | D:2      | 820 ||| Stepping ~*~*~tactically~*~*~ (stealth).
   821 | D:2      | 821 ||| Stepping ~*~*~tactically~*~*~ (stealth).
   954 | D:2      | 954 ||| Stepping ~*~*~tactically~*~*~ (stealth).
  1080 | D:2      | Identified the +0 helmet of the Arena {-Cast Rampage rF+
                  | rN++}
  1282 | D:2      | Found Xiweny's Armour Emporium.
  1302 | D:2      | 1302 ||| BUYING +0 cloak (58 gold).
  1302 | D:2      | Bought a +0 cloak for 58 gold pieces
  1302 | D:2      | 1302 ||| SHOPLISTING +0 plate armour (299 gold, have 29).
  1419 | D:2      | 1419 ||| UPGRADING to +0 helmet of the Arena {-Cast Rampage
                  | rF+ rN++}.
  1429 | D:2      | 1429 ||| UPGRADING to +0 pair of boots.
  1434 | D:2      | 1434 ||| DROPPING +0 helmet.
  1435 | D:2      | 1435 ||| UPGRADING to +0 cloak.
  1440 | D:2      | 1440 ||| READING 3 scrolls of identify.
  1440 | D:2      | 1440 ||| IDENTIFYING fuming coppery potion
  1441 | D:2      | 1441 ||| READING 2 scrolls of identify.
  1441 | D:2      | 1441 ||| IDENTIFYING grey potion
  1442 | D:2      | 1442 ||| DROPPING potion of degeneration.
  1474 | D:3      | 1474 ||| DROPPING +0 whip.
  1531 | D:3      | 1531 ||| Stepping ~*~*~tactically~*~*~ (hiding).
  1540 | D:3      | Reached XP level 4. HP: 28/28 MP: 4/4
  1716 | D:3      | 1716 ||| Stepping ~*~*~tactically~*~*~ (hiding).
  1736 | D:3      | 1736 ||| Stepping ~*~*~tactically~*~*~ (stealth).
  1741 | D:3      | Found a shimmering blue altar of Sif Muna.
  1786 | D:3      | Found a radiant altar of Vehumet.
  1914 | D:3      | Found a runed translucent door.
  2136 | D:3      | Found an ancient bone altar of Kikubaaqudgha.
  2178 | D:3      | Found a stormy altar of Qazlal.
  2210 | D:3      | Found an iron altar of Okawaru.
  2211 | D:3      | 2211 ||| PLANNING OKAWARU WORSHIP
  2211 | D:3      | 2211 ||| DROPPING amulet of the acrobat.
  2215 | D:3      | Became a worshipper of Warmaster Okawaru
  2216 | D:3      | 2216 ||| PLANNING D:1-11
  2317 | D:3      | Noticed qw's ghost (amateur MiHs)
  2328 | D:4      | Noticed a phantom
  2347 | D:4      | Killed a phantom
  2348 | D:4      | Reached XP level 5. HP: 32/32 MP: 5/5
  2407 | D:4      | 2407 ||| Stepping ~*~*~tactically~*~*~ (stealth).
  2468 | D:4      | 2468 ||| Stepping ~*~*~tactically~*~*~ (stealth).
  2489 | D:4      | 2489 ||| Stepping ~*~*~tactically~*~*~ (stealth).
  2499 | D:4      | 2499 ||| Stepping ~*~*~tactically~*~*~ (stealth).
  2501 | D:4      | 2501 ||| Stepping ~*~*~tactically~*~*~ (stealth).
  2514 | D:4      | Reached XP level 6. HP: 38/38 MP: 6/6
  2627 | D:4      | 2627 ||| Stepping ~*~*~tactically~*~*~ (hiding).
  2628 | D:4      | 2628 ||| Stepping ~*~*~tactically~*~*~ (hiding).
  2772 | D:4      | Identified the +6 mace of the Sky {heavy, +Blink Fly Str+2
                  | Int-2}
  2774 | D:4      | 2774 ||| DROPPING +0 flail.
  2805 | D:4      | HP: 7/38 [gnoll/+0 halberd (6)]
  2806 | D:4      | 2806 ||| READING 2 scrolls of teleportation.
  2810 | D:4      | Reached * piety under Okawaru
  3083 | D:4      | Found a sparkling altar of Nemelex Xobeh.
  3139 | D:4      | 3139 ||| UPGRADING to ring of see invisible.
  3140 | D:4      | 3140 ||| READING scroll labelled XEHUTR JUICYA.
  3141 | D:4      | 3141 ||| READING scroll labelled ERPHIHE REKKOFF.
  3176 | D:5      | Entered Level 5 of the Dungeon
  3177 | D:5      | 3177 ||| PLANNING SEWER
  3224 | D:5      | 3224 ||| Stepping ~*~*~tactically~*~*~ (stealth).
  3230 | D:5      | 3230 ||| INVOKING Heroism.
  3231 | D:5      | 3231 ||| INVOKING Heroism.
  3234 | D:5      | Reached skill level 1 in Dodging
  3311 | D:5      | Found a hazy altar of Hepliaklqana.
  3409 | D:5      | Reached skill level 1 in Invocations
  3440 | D:5      | Reached XP level 7. HP: 43/43 MP: 8/8
  3481 | D:5      | Reached skill level 6 in Axes
  3481 | D:5      | Reached skill level 3 in Invocations
  3512 | D:5      | 3512 ||| INVOKING Heroism.
  3513 | D:5      | 3513 ||| INVOKING Heroism.
  3539 | D:5      | 3539 ||| Stepping ~*~*~tactically~*~*~ (stealth).
  3556 | D:5      | 3556 ||| INVOKING Heroism.
  3588 | D:5      | Reached skill level 1 in Throwing
  3652 | D:5      | Found a glowing drain.
  3653 | D:5      | 3653 ||| UPGRADING to ring of resist corrosion.
  3654 | D:5      | 3654 ||| DRINKING 3 bubbling yellow potions.
  3664 | Sewer    | Entered a sewer
  3698 | Sewer    | Noticed Pargi
  3715 | Sewer    | Killed Pargi
  3715 | Sewer    | Reached ** piety under Okawaru
  3716 | Sewer    | Reached XP level 8. HP: 44/48 MP: 11/11
  3769 | D:5      | 3769 ||| PLANNING D:1-11
  3920 | D:6      | Noticed Grinder
  3921 | D:6      | 3921 ||| Stepping ~*~*~tactically~*~*~ (hiding).
  3922 | D:6      | 3922 ||| Stepping ~*~*~tactically~*~*~ (hiding).
  3924 | D:6      | 3924 ||| Stepping ~*~*~tactically~*~*~ (hiding).
  3929 | D:6      | 3929 ||| INVOKING Heroism.
  3940 | D:6      | Killed Grinder
  4142 | D:6      | 4142 ||| Stepping ~*~*~tactically~*~*~ (hiding).
  4250 | D:6      | You fall into a shaft and drop 2 floors!
  4621 | D:6      | Found a staircase to the Ecumenical Temple.
  4645 | D:6      | 4645 ||| Stepping ~*~*~tactically~*~*~ (hiding).
  4648 | D:6      | 4648 ||| Stepping ~*~*~tactically~*~*~ (hiding).
  4751 | D:6      | 4751 ||| READING scroll of enchant weapon.
  4751 | D:6      | 4751 ||| ENCHANTING +1 war axe.
  4986 | D:6      | 4986 ||| UPGRADING to +0 plate armour.
  4996 | D:6      | 4996 ||| DROPPING +0 scale mail.
  4997 | D:6      | 4997 ||| UPGRADING to ring of protection from cold.
  4999 | D:6      | 4999 ||| READING scroll labelled LIMUGAGRIA.
  5000 | D:6      | 5000 ||| READING 3 scrolls of identify.
  5000 | D:6      | 5000 ||| IDENTIFYING murky blue potion
  5001 | D:6      | 5001 ||| READING 2 scrolls of identify.
  5001 | D:6      | 5001 ||| IDENTIFYING pink potion
  5051 | D:7      | Found a shadowy altar of Dithmenos.
  5068 | D:7      | 5068 ||| Stepping ~*~*~tactically~*~*~ (hiding).
  5070 | D:7      | 5070 ||| Stepping ~*~*~tactically~*~*~ (hiding).
  5073 | D:7      | 5073 ||| INVOKING Heroism.
  5093 | D:7      | Reached XP level 9. HP: 54/54 MP: 12/12
  5132 | D:7      | 5132 ||| Stepping ~*~*~tactically~*~*~ (hiding).
  5133 | D:7      | 5133 ||| Stepping ~*~*~tactically~*~*~ (hiding).
  5135 | D:7      | 5135 ||| Stepping ~*~*~tactically~*~*~ (hiding).
  5146 | D:7      | 5146 ||| INVOKING Heroism.
  5162 | D:7      | Reached skill level 6 in Fighting
  5208 | D:7      | 5208 ||| FLEEEEING.
  5212 | D:7      | 5212 ||| FLEEEEING.
  5213 | D:7      | 5213 ||| FLEEEEING.
  5214 | D:7      | 5214 ||| FLEEEEING.
  5271 | D:7      | 5271 ||| INVOKING Heroism.
  5306 | D:7      | 5306 ||| INVOKING Heroism.
  5338 | D:7      | Reached skill level 9 in Axes
  5407 | D:7      | Noticed a troll
  5408 | D:7      | 5408 ||| Stepping ~*~*~tactically~*~*~ (hiding).
  5411 | D:7      | 5411 ||| INVOKING Heroism.
  5419 | D:7      | Killed a troll
  5420 | D:7      | Reached skill level 6 in Armour
  5446 | D:7      | 5446 ||| Stepping ~*~*~tactically~*~*~ (hiding).
  5447 | D:7      | 5447 ||| INVOKING Heroism.
  5452 | D:7      | Reached skill level 4 in Shields
  5480 | D:7      | 5480 ||| INVOKING Heroism.
  5493 | D:7      | 5493 ||| INVOKING Heroism.
  5505 | D:7      | Reached XP level 10. HP: 63/63 MP: 10/13
  5577 | D:7      | Noticed a cyclops
  5578 | D:7      | 5578 ||| INVOKING Heroism.
  5578 | D:7      | Noticed a gargoyle
  5579 | D:7      | 5579 ||| Stepping ~*~*~tactically~*~*~ (hiding).
  5587 | D:7      | Killed a cyclops
  5597 | D:7      | Killed a gargoyle
  5712 | D:7      | 5712 ||| DROPPING +0 flail of protection.
  5713 | D:7      | 5713 ||| DROPPING +6 mace of the Sky {heavy, +Blink Fly
                  | Str+2 Int-2}.
  6034 | D:7      | 6034 ||| READING scroll labelled SIARIFEUDE.
  6035 | D:7      | 6035 ||| READING scroll labelled VAZUCH GOANK.
  6036 | D:7      | 6036 ||| READING 2 scrolls of identify.
  6036 | D:7      | 6036 ||| IDENTIFYING fuming yellow potion
  6055 | D:8      | Found a blossoming altar of Fedhas.
  6128 | D:8      | Reached *** piety under Okawaru
  6143 | D:8      | Noticed Grum
  6144 | D:8      | 6144 ||| Stepping ~*~*~tactically~*~*~ (stealth).
  6145 | D:8      | 6145 ||| Stepping ~*~*~tactically~*~*~ (stealth).
  6152 | D:8      | 6152 ||| Stepping ~*~*~tactically~*~*~ (stealth).
  6154 | D:8      | 6154 ||| INVOKING Heroism.
  6161 | D:8      | Killed Grum
  6237 | D:8      | Reached skill level 5 in Shields
  6256 | D:8      | 6256 ||| Stepping ~*~*~tactically~*~*~ (stealth).
  6280 | D:8      | 6280 ||| Stepping ~*~*~tactically~*~*~ (stealth).
  6339 | D:8      | Noticed Pikel
  6349 | D:8      | Killed Pikel
  6355 | D:8      | 6355 ||| Stepping ~*~*~tactically~*~*~ (stealth).
  6709 | D:8      | Noticed Psyche
  6710 | D:8      | 6710 ||| INVOKING Heroism.
  6714 | D:8      | Killed Psyche
  6714 | D:8      | Reached **** piety under Okawaru
  6715 | D:8      | Reached XP level 11. HP: 68/68 MP: 11/14
  7011 | D:8      | Found the +7 lajatang of Order {silver, rMut}
  7067 | D:8      | Noticed a centaur warrior
  7068 | D:8      | 7068 ||| INVOKING Heroism.
  7075 | D:8      | Killed a centaur warrior
  7076 | D:8      | Reached skill level 9 in Fighting
  7438 | D:8      | 7438 ||| DRINKING 2 red potions.
  7470 | D:9      | Found Ifac's Neck Hole.
  7476 | D:9      | 7476 ||| SHOPLISTING scarf of resistance (512 gold, have
                  | 422).
  7501 | D:9      | 7501 ||| DRINKING 3 potions of curing.
  7501 | D:9      | 7501 ||| (to cure confusion)
  7514 | D:9      | 7514 ||| Stepping ~*~*~tactically~*~*~ (stealth).
  7529 | D:9      | 7529 ||| INVOKING Heroism.
  7665 | D:9      | Found a burning altar of Makhleb.
  7694 | D:9      | 7694 ||| Stepping ~*~*~tactically~*~*~ (stealth).
  7715 | D:9      | 7715 ||| INVOKING Heroism.
  7741 | D:9      | Found a staircase to the Lair.
  7742 | D:9      | Noticed a death yak
  7742 | D:9      | Noticed a death yak
  7743 | D:9      | Noticed a death yak
  7747 | D:9      | 7747 ||| INVOKING Heroism.
  7751 | D:9      | Killed a death yak
  7752 | D:9      | Reached skill level 6 in Invocations
  7761 | D:9      | Killed a death yak
  7761 | D:9      | Received a gift from Okawaru
  7767 | D:9      | Killed a death yak
  7768 | D:9      | 7768 ||| FLEEEEING.
  7769 | D:9      | 7769 ||| FLEEEEING.
  7772 | D:9      | 7772 ||| FLEEEEING.
  7773 | D:9      | 7773 ||| FLEEEEING.
  7774 | D:9      | 7774 ||| FLEEEEING.
  7775 | D:9      | 7775 ||| FLEEEEING.
  7778 | D:9      | 7778 ||| FLEEEEING.
  7779 | D:9      | 7779 ||| FLEEEEING.
  7780 | D:9      | 7780 ||| FLEEEEING.
  7781 | D:9      | 7781 ||| STAIRDANCE
  7932 | D:8      | 7932 ||| READING 2 scrolls labelled AMOM CUTECLO.
  7933 | D:8      | 7933 ||| DROPPING scroll of vulnerability.
  7936 | D:9      | 7936 ||| STAIRDANCE
  7938 | D:8      | 7938 ||| INVOKING Heroism.
  8006 | D:9      | Noticed an orange crystal statue
  8007 | D:9      | 8007 ||| INVOKING Heroism.
  8009 | D:9      | 8009 ||| DRINKING 2 potions of curing.
  8009 | D:9      | 8009 ||| (to cure confusion)
  8027 | D:9      | 8027 ||| INVOKING Heroism.
  8044 | D:9      | Killed an orange crystal statue
  8191 | D:9      | 8191 ||| Stepping ~*~*~tactically~*~*~ (stealth).
  8193 | D:9      | 8193 ||| FLEEEEING.
  8194 | D:9      | 8194 ||| FLEEEEING.
  8195 | D:9      | 8195 ||| FLEEEEING.
  8196 | D:9      | 8196 ||| FLEEEEING.
  8197 | D:9      | 8197 ||| FLEEEEING.
  8198 | D:9      | 8198 ||| FLEEEEING.
  8199 | D:9      | 8199 ||| FLEEEEING.
  8200 | D:9      | 8200 ||| FLEEEEING.
  8201 | D:9      | 8201 ||| FLEEEEING.
  8202 | D:9      | 8202 ||| FLEEEEING.
  8203 | D:9      | 8203 ||| FLEEEEING.
  8204 | D:9      | 8204 ||| FLEEEEING.
  8205 | D:9      | 8205 ||| FLEEEEING.
  8206 | D:9      | 8206 ||| FLEEEEING.
  8207 | D:9      | 8207 ||| FLEEEEING.
  8208 | D:9      | 8208 ||| FLEEEEING.
  8209 | D:9      | 8209 ||| FLEEEEING.
  8210 | D:9      | 8210 ||| FLEEEEING.
  8211 | D:9      | 8211 ||| FLEEEEING.
  8212 | D:9      | 8212 ||| FLEEEEING.
  8213 | D:9      | 8213 ||| FLEEEEING.
  8214 | D:9      | 8214 ||| FLEEEEING.
  8215 | D:9      | 8215 ||| FLEEEEING.
  8216 | D:9      | 8216 ||| FLEEEEING.
  8217 | D:9      | 8217 ||| FLEEEEING.
  8218 | D:9      | 8218 ||| FLEEEEING.
  8219 | D:9      | 8219 ||| FLEEEEING.
  8220 | D:9      | 8220 ||| FLEEEEING.
  8224 | D:9      | 8224 ||| Stepping ~*~*~tactically~*~*~ (hiding).
  8225 | D:9      | 8225 ||| Stepping ~*~*~tactically~*~*~ (hiding).
  8226 | D:9      | 8226 ||| Stepping ~*~*~tactically~*~*~ (hiding).
  8227 | D:9      | 8227 ||| Stepping ~*~*~tactically~*~*~ (hiding).
  8228 | D:9      | 8228 ||| Stepping ~*~*~tactically~*~*~ (hiding).
  8277 | D:9      | 8277 ||| SWAPPING to +1 heavy war axe.
  8286 | D:9      | Found a sacrificial altar of Ru.
  8486 | D:9      | 8486 ||| Stepping ~*~*~tactically~*~*~ (stealth).
  8497 | D:9      | 8497 ||| Stepping ~*~*~tactically~*~*~ (stealth).
  8513 | D:9      | 8513 ||| Stepping ~*~*~tactically~*~*~ (stealth).
  8521 | D:9      | Reached skill level 12 in Axes
  8522 | D:9      | 8522 ||| INVOKING Heroism.
  8527 | D:9      | Identified the +2 rapier of Faewneh {spect, rC+ MP+9 Str+2}
  8528 | D:9      | Found a staircase to the Orcish Mines.
  8531 | D:9      | 8531 ||| Stepping ~*~*~tactically~*~*~ (hiding).
  8534 | D:9      | 8534 ||| Stepping ~*~*~tactically~*~*~ (hiding).
  8544 | D:9      | 8544 ||| Stepping ~*~*~tactically~*~*~ (hiding).
  8546 | D:9      | 8546 ||| Stepping ~*~*~tactically~*~*~ (hiding).
  8548 | D:9      | 8548 ||| Stepping ~*~*~tactically~*~*~ (hiding).
  8590 | D:9      | 8590 ||| Stepping ~*~*~tactically~*~*~ (stealth).
  8591 | D:9      | 8591 ||| Stepping ~*~*~tactically~*~*~ (stealth).
  8596 | D:9      | 8596 ||| Stepping ~*~*~tactically~*~*~ (stealth).
  8599 | D:9      | 8599 ||| Stepping ~*~*~tactically~*~*~ (stealth).
  8601 | D:9      | 8601 ||| Stepping ~*~*~tactically~*~*~ (hiding).
  8642 | D:9      | 8642 ||| PLANNING LAIR
  8642 | D:9      | 8642 ||| UPGRADING to +0 pair of gloves.
  8706 | Lair:1   | Entered Level 1 of the Lair of Beasts
  8722 | Lair:1   | 8722 ||| Stepping ~*~*~tactically~*~*~ (stealth).
  8723 | Lair:1   | 8723 ||| Stepping ~*~*~tactically~*~*~ (stealth).
  8724 | Lair:1   | 8724 ||| Stepping ~*~*~tactically~*~*~ (stealth).
  8725 | Lair:1   | 8725 ||| Stepping ~*~*~tactically~*~*~ (stealth).
  8767 | Lair:1   | 8767 ||| INVOKING Heroism.
  9010 | Lair:1   | Reached XP level 12. HP: 76/76 MP: 18/18
  9010 | Lair:1   | 9010 ||| Stepping ~*~*~tactically~*~*~ (stealth).
  9016 | Lair:1   | Reached skill level 9 in Armour
  9018 | Lair:1   | 9018 ||| INVOKING Heroism.
  9018 | Lair:1   | Noticed a death yak
  9022 | Lair:1   | Noticed a death yak
  9029 | Lair:1   | HP: 12/76 [torpor snail (12)]
  9030 | Lair:1   | 9030 ||| READING 4 scrolls of teleportation.
  9031 | Lair:1   | 9031 ||| DRINKING 2 potions of heal wounds.
  9033 | Lair:1   | 9033 ||| DRINKING potion of heal wounds.
  9037 | Lair:1   | Killed a death yak
  9038 | Lair:1   | Reached skill level 9 in Invocations
  9041 | Lair:1   | 9041 ||| INVOKING Heroism.
  9044 | Lair:1   | Killed a death yak
  9046 | Lair:1   | Reached skill level 6 in Shields
  9245 | Lair:1   | Noticed Gastronok
  9246 | Lair:1   | 9246 ||| Stepping ~*~*~tactically~*~*~ (hiding).
  9251 | Lair:1   | 9251 ||| Stepping ~*~*~tactically~*~*~ (hiding).
  9253 | Lair:1   | 9253 ||| INVOKING Heroism.
  9264 | Lair:1   | Killed Gastronok
  9264 | Lair:1   | Reached ***** piety under Okawaru
  9282 | Lair:1   | 9282 ||| INVOKING Heroism.
  9588 | Lair:1   | 9588 ||| INVOKING Heroism.
  9887 | Lair:1   | 9887 ||| UPGRADING to +4 ring of protection.
  9889 | Lair:1   | 9889 ||| DRINKING 2 coppery potions.
  9890 | Lair:1   | 9890 ||| READING 2 scrolls of identify.
  9890 | Lair:1   | 9890 ||| IDENTIFYING cyan potion
  9891 | Lair:1   | 9891 ||| DROPPING potion of brilliance.
  9935 | Lair:2   | 9935 ||| Stepping ~*~*~tactically~*~*~ (stealth).
  9973 | Lair:2   | Noticed Erica
  9974 | Lair:2   | 9974 ||| INVOKING Heroism.
  9975 | Lair:2   | 9975 ||| INVOKING Finesse.
  9986 | Lair:2   | Killed Erica
 10024 | Lair:2   | Noticed a boulder beetle
 10025 | Lair:2   | 10025 ||| INVOKING Heroism.
 10035 | Lair:2   | Killed a boulder beetle
 10072 | Lair:2   | Noticed a death yak
 10073 | Lair:2   | 10073 ||| INVOKING Finesse.
 10074 | Lair:2   | 10074 ||| INVOKING Heroism.
 10076 | Lair:2   | Noticed a death yak
 10076 | Lair:2   | Noticed a death yak
 10086 | Lair:2   | Killed a death yak
 10091 | Lair:2   | Killed a death yak
 10097 | Lair:2   | Killed a death yak
 10098 | Lair:2   | Reached XP level 13. HP: 73/82 MP: 14/20
 10109 | Lair:2   | 10109 ||| Stepping ~*~*~tactically~*~*~ (hiding).
 10129 | Lair:2   | Received a gift from Okawaru
 10533 | Lair:2   | Received a gift from Okawaru
 10815 | Lair:2   | 10815 ||| READING scroll labelled JYDAOWA HIPS.
 10851 | Lair:3   | 10851 ||| INVOKING Heroism.
 10852 | Lair:3   | 10852 ||| INVOKING Finesse.
 10853 | Lair:3   | 10853 ||| INVOKING Finesse.
 10856 | Lair:3   | 10856 ||| SWAPPING to +0 morningstar.
 10869 | Lair:3   | 10869 ||| SWAPPING to +1 heavy war axe.
 10980 | Lair:3   | Found a staircase to the Snake Pit.
 10981 | Lair:3   | 10981 ||| Stepping ~*~*~tactically~*~*~ (hiding).
 11022 | Lair:3   | 11022 ||| Stepping ~*~*~tactically~*~*~ (stealth).
 11094 | Lair:3   | Noticed Josephine
 11101 | Lair:3   | 11101 ||| INVOKING Heroism.
 11105 | Lair:3   | Killed Josephine
 11142 | Lair:3   | 11142 ||| INVOKING Heroism.
 11156 | Lair:3   | Reached skill level 7 in Shields
 11185 | Lair:3   | Received a gift from Okawaru
 11186 | Lair:3   | 11186 ||| FLEEEEING.
 11187 | Lair:3   | 11187 ||| FLEEEEING.
 11191 | Lair:3   | 11191 ||| INVOKING Heroism.
 11385 | Lair:3   | 11385 ||| Stepping ~*~*~tactically~*~*~ (stealth).
 11392 | Lair:3   | 11392 ||| Stepping ~*~*~tactically~*~*~ (stealth).
 11397 | Lair:3   | 11397 ||| Stepping ~*~*~tactically~*~*~ (stealth).
 11398 | Lair:3   | 11398 ||| FLEEEEING.
 11413 | Lair:3   | 11413 ||| INVOKING Heroism.
 11594 | Lair:3   | Found a staircase to the Shoals.
 11595 | Lair:3   | 11595 ||| INVOKING Heroism.
 11671 | Lair:3   | 11671 ||| INVOKING Heroism.
 11924 | Lair:3   | 11924 ||| Stepping ~*~*~tactically~*~*~ (stealth).
 11925 | Lair:3   | 11925 ||| Stepping ~*~*~tactically~*~*~ (stealth).
 11926 | Lair:3   | 11926 ||| INVOKING Heroism.
 11941 | Lair:3   | 11941 ||| INVOKING Finesse.
 11950 | Lair:3   | Gained mutation: Your large and strong wings let you fly.
                  | [Gargoyle growth]
 11950 | Lair:3   | Reached XP level 14. HP: 28/90 MP: 15/21
 11956 | Lair:3   | Reached skill level 15 in Axes
 11959 | Lair:3   | HP: 11/90 [death yak (19)]
 11960 | Lair:3   | 11960 ||| READING 5 scrolls of teleportation.
 11961 | Lair:3   | 11961 ||| DRINKING potion of heal wounds.
 12140 | Lair:3   | 12140 ||| INVOKING Heroism.
 12141 | Lair:3   | 12141 ||| INVOKING Finesse.
 12335 | Lair:3   | 12335 ||| UPGRADING to +0 kite shield.
 12345 | Lair:3   | 12345 ||| DROPPING +0 buckler.
 12346 | Lair:3   | 12346 ||| DROPPING amulet of magic regeneration.
 12347 | Lair:3   | 12347 ||| DROPPING ring of flight.
 12348 | Lair:3   | 12348 ||| READING 2 scrolls labelled OXAFUCH NEUSCHEYLO.
 12349 | Lair:3   | 12349 ||| READING scroll of enchant armour.
 12349 | Lair:3   | 12349 ||| ENCHANTING +0 pair of gloves.
 12350 | Lair:3   | 12350 ||| READING scroll labelled SYGAS UF GAXU HAE.
 12479 | Lair:4   | 12479 ||| Stepping ~*~*~tactically~*~*~ (stealth).
 12481 | Lair:4   | 12481 ||| Stepping ~*~*~tactically~*~*~ (stealth).
 12499 | Lair:4   | 12499 ||| INVOKING Heroism.
 12508 | Lair:4   | Received a gift from Okawaru
 12511 | Lair:4   | Reached skill level 8 in Shields
 12617 | Lair:4   | 12617 ||| Stepping ~*~*~tactically~*~*~ (stealth).
 12619 | Lair:4   | 12619 ||| Stepping ~*~*~tactically~*~*~ (hiding).
 12844 | Lair:4   | Found a dark tunnel.
 12900 | Lair:4   | 12900 ||| READING scroll of enchant weapon.
 12900 | Lair:4   | 12900 ||| ENCHANTING +1 heavy war axe.
 12901 | Lair:4   | 12901 ||| DROPPING +2 war axe.
 13058 | Lair:4   | 13058 ||| UPGRADING to +2 cloak of preservation.
 13068 | Lair:4   | 13068 ||| DROPPING +0 cloak.
 13069 | Lair:4   | 13069 ||| READING scroll labelled IKONLU MUYM.
 13103 | Lair:5   | Entered Level 5 of the Lair of Beasts
 13121 | Lair:5   | 13121 ||| Stepping ~*~*~tactically~*~*~ (stealth).
 13123 | Lair:5   | 13123 ||| Stepping ~*~*~tactically~*~*~ (stealth).
 13125 | Lair:5   | 13125 ||| Stepping ~*~*~tactically~*~*~ (stealth).
 13141 | Lair:5   | 13141 ||| Stepping ~*~*~tactically~*~*~ (stealth).
 13142 | Lair:5   | 13142 ||| Stepping ~*~*~tactically~*~*~ (stealth).
 13143 | Lair:5   | 13143 ||| INVOKING Heroism.
 13164 | Lair:5   | 13164 ||| Stepping ~*~*~tactically~*~*~ (stealth).
 13166 | Lair:5   | 13166 ||| Stepping ~*~*~tactically~*~*~ (stealth).
 13189 | Lair:5   | Reached skill level 9 in Shields
 13414 | Lair:5   | 13414 ||| Stepping ~*~*~tactically~*~*~ (stealth).
 13415 | Lair:5   | 13415 ||| Stepping ~*~*~tactically~*~*~ (stealth).
 13418 | Lair:5   | Identified the scarf "Mikkuch" {repulsion, Dex+3} (Okawaru
                  | gifted it to you on level 5 of the Lair of Beasts)
 13418 | Lair:5   | Received a gift from Okawaru
 13421 | Lair:5   | 13421 ||| INVOKING Heroism.
 13459 | Lair:5   | 13459 ||| Stepping ~*~*~tactically~*~*~ (stealth).
 13460 | Lair:5   | 13460 ||| Stepping ~*~*~tactically~*~*~ (stealth).
 13461 | Lair:5   | 13461 ||| Stepping ~*~*~tactically~*~*~ (hiding).
 13462 | Lair:5   | 13462 ||| Stepping ~*~*~tactically~*~*~ (hiding).
 13463 | Lair:5   | 13463 ||| Stepping ~*~*~tactically~*~*~ (hiding).
 13468 | Lair:5   | Reached skill level 10 in Shields
 13499 | Lair:5   | 13499 ||| Stepping ~*~*~tactically~*~*~ (stealth).
 13596 | Lair:5   | Found a shadowy altar of Dithmenos.
 13597 | Lair:5   | 13597 ||| INVOKING Heroism.
 13598 | Lair:5   | 13598 ||| INVOKING Finesse.
 13824 | Lair:5   | Reached skill level 11 in Shields
 13899 | Lair:5   | 13899 ||| Stepping ~*~*~tactically~*~*~ (stealth).
 13906 | Lair:5   | 13906 ||| INVOKING Heroism.
 13907 | Lair:5   | 13907 ||| INVOKING Finesse.
 13941 | Lair:5   | 13941 ||| Stepping ~*~*~tactically~*~*~ (stealth).
 13942 | Lair:5   | 13942 ||| Stepping ~*~*~tactically~*~*~ (stealth).
 13943 | Lair:5   | 13943 ||| Stepping ~*~*~tactically~*~*~ (stealth).
 13951 | Lair:5   | Reached skill level 3 in Throwing
 14008 | Lair:5   | Identified the +2 rapier "Dragon's Tongue" {speed, *Rage
                  | rElec Will++ Int+2}
 14053 | Lair:5   | 14053 ||| FLEEEEING.
 14057 | Lair:5   | 14057 ||| FLEEEEING.
 14058 | Lair:5   | 14058 ||| FLEEEEING.
 14059 | Lair:5   | 14059 ||| FLEEEEING.
 14060 | Lair:5   | 14060 ||| FLEEEEING.
 14061 | Lair:5   | 14061 ||| FLEEEEING.
 14062 | Lair:5   | 14062 ||| FLEEEEING.
 14064 | Lair:5   | 14064 ||| FLEEEEING.
 14065 | Lair:5   | 14065 ||| FLEEEEING.
 14066 | Lair:5   | 14066 ||| FLEEEEING.
 14067 | Lair:5   | 14067 ||| FLEEEEING.
 14068 | Lair:5   | 14068 ||| FLEEEEING.
 14069 | Lair:5   | 14069 ||| FLEEEEING.
 14076 | Lair:5   | 14076 ||| Stepping ~*~*~tactically~*~*~ (stealth).
 14077 | Lair:5   | 14077 ||| Stepping ~*~*~tactically~*~*~ (stealth).
 14078 | Lair:5   | 14078 ||| Stepping ~*~*~tactically~*~*~ (stealth).
 14080 | Lair:5   | 14080 ||| INVOKING Heroism.
 14189 | Lair:5   | 14189 ||| Stepping ~*~*~tactically~*~*~ (stealth).
 14198 | Lair:5   | 14198 ||| INVOKING Heroism.
 14335 | Lair:5   | Found a staircase to the Slime Pits.
 14373 | Lair:5   | Found a viscous altar of Jiyva.
 14399 | Lair:5   | 14399 ||| INVOKING Heroism.
 14596 | Lair:5   | 14596 ||| Stepping ~*~*~tactically~*~*~ (stealth).
 14696 | Lair:5   | 14696 ||| Stepping ~*~*~tactically~*~*~ (stealth).
 14711 | Lair:5   | Reached skill level 12 in Shields
 14914 | Lair:5   | 14914 ||| PLANNING D:1-11
 14914 | Lair:5   | 14914 ||| UPGRADING to scarf "Mikkuch" {repulsion, Dex+3}.
 14924 | Lair:5   | 14924 ||| DROPPING ring of willpower.
 14925 | Lair:5   | 14925 ||| UPGRADING to +6 ring of strength.
 14927 | Lair:5   | 14927 ||| DROPPING ring of see invisible.
 14928 | Lair:5   | 14928 ||| DRINKING 2 sedimented cyan potions.
 14929 | Lair:5   | 14929 ||| DROPPING potion of invisibility.
 15062 | D:10     | Entered Level 10 of the Dungeon
 15212 | D:10     | 15212 ||| Stepping ~*~*~tactically~*~*~ (stealth).
 15214 | D:10     | 15214 ||| Stepping ~*~*~tactically~*~*~ (hiding).
 15215 | D:10     | 15215 ||| Stepping ~*~*~tactically~*~*~ (hiding).
 15217 | D:10     | 15217 ||| Stepping ~*~*~tactically~*~*~ (hiding).
 15300 | D:10     | 15300 ||| Stepping ~*~*~tactically~*~*~ (stealth).
 15350 | D:10     | Reached skill level 3 in Dodging
 15803 | D:10     | 15803 ||| UPGRADING to +3 chain mail of willpower.
 15813 | D:10     | 15813 ||| UPGRADING to +0 tower shield.
 15823 | D:10     | 15823 ||| DROPPING +0 kite shield.
 15824 | D:10     | 15824 ||| READING 5 scrolls of identify.
 15824 | D:10     | 15824 ||| IDENTIFYING metallic clear potion
 15873 | D:11     | Noticed Lodul
 15883 | D:11     | 15883 ||| FLEEEEING.
 15884 | D:11     | 15884 ||| FLEEEEING.
 15885 | D:11     | 15885 ||| FLEEEEING.
 15886 | D:11     | 15886 ||| FLEEEEING.
 15887 | D:11     | 15887 ||| FLEEEEING.
 15888 | D:11     | 15888 ||| Stepping ~*~*~tactically~*~*~ (hiding).
 15904 | D:11     | Killed Lodul
 15978 | D:11     | 15978 ||| INVOKING Heroism.
 15983 | D:11     | Reached XP level 15. HP: 47/96 MP: 19/22
 16213 | D:11     | 16213 ||| Stepping ~*~*~tactically~*~*~ (stealth).
 16215 | D:11     | 16215 ||| Stepping ~*~*~tactically~*~*~ (hiding).
 16218 | D:11     | 16218 ||| Stepping ~*~*~tactically~*~*~ (hiding).
 16258 | D:11     | 16258 ||| Stepping ~*~*~tactically~*~*~ (hiding).
 16259 | D:11     | 16259 ||| Stepping ~*~*~tactically~*~*~ (hiding).
 16265 | D:11     | 16265 ||| Stepping ~*~*~tactically~*~*~ (hiding).
 16273 | D:11     | Received a gift from Okawaru
 16274 | D:11     | Found a frozen archway.
 16322 | D:11     | 16322 ||| Stepping randomly (disturbance).
 16432 | D:11     | Reached skill level 13 in Shields
 16508 | D:11     | 16508 ||| Stepping ~*~*~tactically~*~*~ (stealth).
 16509 | D:11     | 16509 ||| Stepping ~*~*~tactically~*~*~ (stealth).
 16705 | D:11     | Noticed Erolcha
 16713 | D:11     | Killed Erolcha
 16817 | D:11     | 16817 ||| PLANNING D
 16817 | D:11     | 16817 ||| READING scroll labelled LOISMI MEULYSY.
 16818 | D:11     | 16818 ||| DRINKING 3 black potions.
 16999 | D:12     | Found a burning altar of Makhleb.
 17074 | D:12     | 17074 ||| Stepping ~*~*~tactically~*~*~ (hiding).
 17087 | D:12     | 17087 ||| Stepping ~*~*~tactically~*~*~ (stealth).
 17119 | D:12     | Noticed Nergalle
 17134 | D:12     | Killed Nergalle
 17150 | D:12     | Noticed Azrael
 17151 | D:12     | 17151 ||| INVOKING Heroism.
 17152 | D:12     | 17152 ||| INVOKING Finesse.
 17175 | D:12     | Killed Azrael
 17176 | D:12     | Reached skill level 14 in Shields
 17623 | D:12     | 17623 ||| UPGRADING to amulet of faith.
 17633 | D:12     | 17633 ||| DROPPING ring of magical power.
 17811 | D:13     | 17811 ||| FLEEEEING.
 17812 | D:13     | 17812 ||| FLEEEEING.
 17814 | D:13     | 17814 ||| FLEEEEING.
 17815 | D:13     | 17815 ||| FLEEEEING.
 17816 | D:13     | 17816 ||| FLEEEEING.
 17817 | D:13     | 17817 ||| FLEEEEING.
 17818 | D:13     | 17818 ||| FLEEEEING.
 17819 | D:13     | 17819 ||| FLEEEEING.
 17820 | D:13     | 17820 ||| FLEEEEING.
 17821 | D:13     | 17821 ||| FLEEEEING.
 17822 | D:13     | 17822 ||| FLEEEEING.
 17823 | D:13     | 17823 ||| FLEEEEING.
 17824 | D:13     | 17824 ||| FLEEEEING.
 17825 | D:13     | 17825 ||| FLEEEEING.
 17826 | D:13     | 17826 ||| FLEEEEING.
 17827 | D:13     | 17827 ||| FLEEEEING.
 17828 | D:13     | 17828 ||| FLEEEEING.
 17829 | D:13     | 17829 ||| FLEEEEING.
 17830 | D:13     | 17830 ||| FLEEEEING.
 17831 | D:13     | 17831 ||| FLEEEEING.
 17832 | D:13     | 17832 ||| FLEEEEING.
 17833 | D:13     | 17833 ||| FLEEEEING.
 17834 | D:13     | 17834 ||| FLEEEEING.
 17835 | D:13     | 17835 ||| FLEEEEING.
 17839 | D:13     | Identified the +5 plate armour of True Grit {rF+ Dex+3
                  | Slay+3 Stlth+} (Okawaru gifted it to you on level 13 of the
                  | Dungeon)
 17839 | D:13     | Received a gift from Okawaru
 17890 | D:13     | Found a gate to the Vaults.
 17990 | D:13     | 17990 ||| Stepping ~*~*~tactically~*~*~ (stealth).
 17991 | D:13     | 17991 ||| Stepping ~*~*~tactically~*~*~ (stealth).
 18017 | D:13     | 18017 ||| INVOKING Heroism.
 18028 | D:13     | Reached skill level 15 in Shields
 18164 | D:13     | Identified the +9 short sword of World Downfall {flame,
                  | rElec rPois rCorr Str+2}
 18185 | D:13     | 18185 ||| Stepping ~*~*~tactically~*~*~ (hiding).
 18263 | D:13     | 18263 ||| INVOKING Heroism.
 18326 | D:13     | 18326 ||| Stepping ~*~*~tactically~*~*~ (hiding).
 18327 | D:13     | 18327 ||| Stepping ~*~*~tactically~*~*~ (hiding).
 18330 | D:13     | 18330 ||| Stepping ~*~*~tactically~*~*~ (hiding).
 18331 | D:13     | 18331 ||| Stepping ~*~*~tactically~*~*~ (hiding).
 18332 | D:13     | 18332 ||| Stepping ~*~*~tactically~*~*~ (hiding).
 18375 | D:13     | 18375 ||| INVOKING Heroism.
 18389 | D:13     | 18389 ||| Stepping ~*~*~tactically~*~*~ (stealth).
 18460 | D:13     | 18460 ||| Stepping ~*~*~tactically~*~*~ (stealth).
 18496 | D:13     | 18496 ||| Stepping ~*~*~tactically~*~*~ (stealth).
 18497 | D:13     | 18497 ||| INVOKING Heroism.
 18498 | D:13     | 18498 ||| INVOKING Finesse.
 18499 | D:13     | 18499 ||| SWAPPING to +0 morningstar.
 18510 | D:13     | 18510 ||| SWAPPING to +2 war axe of freezing.
 18527 | D:13     | 18527 ||| Stepping ~*~*~tactically~*~*~ (stealth).
 18534 | D:13     | 18534 ||| Stepping ~*~*~tactically~*~*~ (stealth).
 18561 | D:13     | 18561 ||| INVOKING Heroism.
 18565 | D:13     | 18565 ||| Stepping ~*~*~tactically~*~*~ (hiding).
 18589 | D:13     | 18589 ||| Stepping ~*~*~tactically~*~*~ (stealth).
 18600 | D:13     | 18600 ||| Stepping ~*~*~tactically~*~*~ (stealth).
 18787 | D:13     | Reached skill level 16 in Shields
 18794 | D:13     | 18794 ||| INVOKING Heroism.
 18932 | D:13     | Identified the +0 leather armour "Ecurygg" {Slay+3}
 18974 | D:13     | 18974 ||| Stepping ~*~*~tactically~*~*~ (stealth).
 19187 | D:13     | 19187 ||| Stepping ~*~*~tactically~*~*~ (hiding).
 19340 | D:13     | Noticed Maurice
 19439 | D:13     | Killed Maurice
 19481 | D:13     | Identified the +6 battleaxe "Uquph" {drain, rF+}
 19482 | D:13     | 19482 ||| DROPPING +0 plate armour.
 19483 | D:13     | 19483 ||| UPGRADING to +5 plate armour of True Grit {rF+
                  | Dex+3 Slay+3 Stlth+}.
 19493 | D:13     | 19493 ||| DROPPING +3 chain mail of willpower.
 19494 | D:13     | 19494 ||| UPGRADING to +1 hat of see invisible.
 19504 | D:13     | 19504 ||| DRINKING 3 emerald potions.
 19505 | D:13     | 19505 ||| DRINKING 2 potions of curing.
 19505 | D:13     | 19505 ||| (to cure confusion)
 19506 | D:13     | 19506 ||| DROPPING 2 potions of ambrosia.
 19594 | D:14     | Identified the +5 quarterstaff "Kees" {heavy, rPois}
 19609 | D:14     | 19609 ||| INVOKING Heroism.
 19610 | D:14     | 19610 ||| SWAPPING to +0 morningstar.
 19623 | D:14     | 19623 ||| SWAPPING to +2 war axe of freezing.
 19676 | D:14     | 19676 ||| INVOKING Heroism.
 19680 | D:14     | 19680 ||| SWAPPING to +0 morningstar.
 19683 | D:14     | 19683 ||| SWAPPING to +2 war axe of freezing.
 19704 | D:14     | 19704 ||| Stepping ~*~*~tactically~*~*~ (hiding).
 19706 | D:14     | 19706 ||| Stepping ~*~*~tactically~*~*~ (hiding).
 19820 | D:14     | Found the +4 robe of Folly {Brill Will-∞ Int+8}
 19942 | D:14     | 19942 ||| Stepping ~*~*~tactically~*~*~ (hiding).
 19944 | D:14     | 19944 ||| Stepping ~*~*~tactically~*~*~ (hiding).
 19952 | D:14     | Reached skill level 12 in Fighting
 19952 | D:14     | Reached XP level 16. HP: 100/101 MP: 23/23
 19962 | D:14     | 19962 ||| READING scroll of enchant armour.
 19962 | D:14     | 19962 ||| ENCHANTING +1 pair of gloves.
 20026 | D:14     | Found a huge runed gate.
 20026 | D:14     | Found a huge runed gate.
 20026 | D:14     | Found a huge runed gate.
 20026 | D:14     | Found a huge runed gate.
 20026 | D:14     | Found a huge runed gate.
 20026 | D:14     | Found a huge runed gate.
 20026 | D:14     | Found a huge runed gate.
 20029 | D:14     | Found a huge runed gate.
 20029 | D:14     | Found a huge runed gate.
 20029 | D:14     | Found a huge runed gate.
 20037 | D:14     | Found a huge runed gate.
 20037 | D:14     | Found a huge runed gate.
 20037 | D:14     | Found a huge runed gate.
 20037 | D:14     | Found a huge runed gate.
 20037 | D:14     | Found a huge runed gate.
 20038 | D:14     | Found a huge runed gate.
 20039 | D:14     | 20039 ||| Stepping ~*~*~tactically~*~*~ (hiding).
 20041 | D:14     | 20041 ||| Stepping ~*~*~tactically~*~*~ (hiding).
 20045 | D:14     | 20045 ||| INVOKING Heroism.
 20047 | D:14     | 20047 ||| INVOKING Finesse.
 20055 | D:14     | 20055 ||| SWAPPING to +0 morningstar.
 20057 | D:14     | 20057 ||| SWAPPING to +2 war axe of freezing.
 20108 | D:14     | Found a huge runed gate.
 20109 | D:14     | Found a huge runed gate.
 20110 | D:14     | Found a huge runed gate.
 20120 | D:14     | Found a huge runed gate.
 20120 | D:14     | Found a huge runed gate.
 20120 | D:14     | Found a huge runed gate.
 20120 | D:14     | Found a huge runed gate.
 20120 | D:14     | Found a huge runed gate.
 20120 | D:14     | Found a huge runed gate.
 20121 | D:14     | Found a huge runed gate.
 20122 | D:14     | Found a huge runed gate.
 20123 | D:14     | Found a huge runed gate.
 20131 | D:14     | Found a huge runed gate.
 20131 | D:14     | Found a huge runed gate.
 20131 | D:14     | Found a huge runed gate.
 20131 | D:14     | Found a huge runed gate.
 20131 | D:14     | Found a huge runed gate.
 20131 | D:14     | Found a huge runed gate.
 20132 | D:14     | Found a huge runed gate.
 20133 | D:14     | Found a huge runed gate.
 20228 | D:14     | Received a gift from Okawaru
 20387 | D:15     | Entered Level 15 of the Dungeon
 20429 | D:15     | 20429 ||| Stepping ~*~*~tactically~*~*~ (stealth).
 20447 | D:15     | Received a gift from Okawaru
 20517 | D:15     | 20517 ||| Stepping ~*~*~tactically~*~*~ (hiding).
 20525 | D:15     | 20525 ||| INVOKING Heroism.
 20540 | D:15     | Found a staircase to the Depths.
 20555 | D:15     | 20555 ||| Stepping ~*~*~tactically~*~*~ (hiding).
 20574 | D:15     | Reached skill level 6 in Throwing
 20794 | D:15     | Noticed Kirke
 20795 | D:15     | 20795 ||| INVOKING Heroism.
 20796 | D:15     | 20796 ||| INVOKING Finesse.
 20817 | D:15     | Killed Kirke
 20898 | D:15     | Noticed Louise
 20899 | D:15     | 20899 ||| Stepping ~*~*~tactically~*~*~ (hiding).
 20900 | D:15     | 20900 ||| Stepping ~*~*~tactically~*~*~ (hiding).
 20901 | D:15     | 20901 ||| Stepping ~*~*~tactically~*~*~ (hiding).
 20902 | D:15     | 20902 ||| Stepping ~*~*~tactically~*~*~ (hiding).
 20903 | D:15     | 20903 ||| INVOKING Heroism.
 20904 | D:15     | 20904 ||| INVOKING Finesse.
 20904 | Abyss:2  | Cast into level 2 of the Abyss (Louise)
 20958 | Abyss:2  | Noticed a tentacled starspawn
 20959 | Abyss:2  | 20959 ||| Stepping ~*~*~tactically~*~*~ (stealth).
 20970 | Abyss:2  | Killed a tentacled starspawn
 21003 | Abyss:2  | 21003 ||| INVOKING Heroism.
 21242 | Abyss:2  | 21242 ||| INVOKING Heroism.
 21267 | Abyss:2  | 21267 ||| Stepping ~*~*~tactically~*~*~ (stealth).
 21277 | Abyss:2  | 21277 ||| INVOKING Heroism.
 21284 | Abyss:2  | Noticed a tentacled starspawn
 21302 | Abyss:2  | Killed a tentacled starspawn
 21317 | Abyss:2  | 21317 ||| Stepping ~*~*~tactically~*~*~ (stealth).
 21324 | Abyss:2  | 21324 ||| Stepping ~*~*~tactically~*~*~ (stealth).
 21326 | Abyss:2  | 21326 ||| Stepping ~*~*~tactically~*~*~ (stealth).
 21327 | Abyss:2  | 21327 ||| Stepping ~*~*~tactically~*~*~ (stealth).
 21329 | Abyss:2  | 21329 ||| Stepping ~*~*~tactically~*~*~ (stealth).
 21347 | Abyss:2  | Received a gift from Okawaru
 21361 | Abyss:2  | 21361 ||| Stepping ~*~*~tactically~*~*~ (stealth).
 21362 | Abyss:2  | 21362 ||| Stepping ~*~*~tactically~*~*~ (hiding).
 21374 | Abyss:2  | Gained mutation: You are dopey. (Int -2) [a cacodemon]
 21379 | Abyss:2  | 21379 ||| INVOKING Heroism.
 21399 | Abyss:2  | Noticed a tentacled starspawn
 21407 | Abyss:2  | Killed a tentacled starspawn
 21435 | Abyss:2  | Noticed a tentacled starspawn
 21436 | Abyss:2  | 21436 ||| Stepping ~*~*~tactically~*~*~ (stealth).
 21441 | Abyss:2  | 21441 ||| Stepping ~*~*~tactically~*~*~ (stealth).
 21447 | Abyss:2  | Killed a tentacled starspawn
 21449 | Abyss:2  | 21449 ||| Stepping ~*~*~tactically~*~*~ (stealth).
 21451 | Abyss:2  | 21451 ||| Stepping ~*~*~tactically~*~*~ (hiding).
 21452 | Abyss:2  | 21452 ||| Stepping ~*~*~tactically~*~*~ (stealth).
 21453 | Abyss:2  | 21453 ||| Stepping ~*~*~tactically~*~*~ (hiding).
 21455 | Abyss:2  | Reached skill level 17 in Shields
 21464 | Abyss:2  | 21464 ||| INVOKING Heroism.
 21523 | Abyss:2  | 21523 ||| Stepping ~*~*~tactically~*~*~ (stealth).
 21531 | Abyss:2  | 21531 ||| Stepping ~*~*~tactically~*~*~ (stealth).
 21536 | Abyss:2  | 21536 ||| Stepping ~*~*~tactically~*~*~ (stealth).
 21571 | Abyss:2  | 21571 ||| Stepping ~*~*~tactically~*~*~ (stealth).
 21572 | Abyss:2  | 21572 ||| Stepping ~*~*~tactically~*~*~ (stealth).
 21577 | Abyss:2  | 21577 ||| Stepping ~*~*~tactically~*~*~ (hiding).
 21587 | D:15     | Escaped the Abyss
 21597 | D:15     | 21597 ||| INVOKING Heroism.
 21598 | D:15     | 21598 ||| INVOKING Finesse.
 21599 | D:15     | 21599 ||| INVOKING Finesse.
 21618 | D:15     | Killed Louise
 21812 | D:15     | 21812 ||| INVOKING Heroism.
 21813 | D:15     | 21813 ||| INVOKING Finesse.
 21881 | D:15     | Identified the +1 helmet of the Abyss {-Cast Fly rC+ Str+5
                  | Stlth-} (Okawaru gifted it to you on level 15 of the
                  | Dungeon)
 21881 | D:15     | Received a gift from Okawaru
 21904 | D:15     | 21904 ||| READING 2 scrolls of enchant armour.
 21904 | D:15     | 21904 ||| ENCHANTING +1 hat of see invisible.
 21905 | D:15     | 21905 ||| READING scroll of enchant armour.
 21905 | D:15     | 21905 ||| ENCHANTING +0 pair of boots.
 22096 | D:15     | 22096 ||| PLANNING ORC
 22096 | D:15     | 22096 ||| UPGRADING to +1 helmet of the Abyss {-Cast Fly
                  | rC+ Str+5 Stlth-}.
 22106 | D:15     | 22106 ||| DROPPING +2 hat of see invisible.
 22107 | D:15     | 22107 ||| DROPPING +1 helmet.
 22271 | Orc:1    | Entered Level 1 of the Orcish Mines
 22544 | Orc:2    | Entered Level 2 of the Orcish Mines
 22592 | Orc:2    | 22592 ||| Stepping ~*~*~tactically~*~*~ (stealth).
 22596 | Orc:2    | 22596 ||| INVOKING Heroism.
 22627 | Orc:2    | 22627 ||| INVOKING Heroism.
 22853 | Orc:2    | 22853 ||| INVOKING Heroism.
 22890 | Orc:2    | 22890 ||| Stepping ~*~*~tactically~*~*~ (hiding).
 22897 | Orc:2    | 22897 ||| INVOKING Heroism.
 23055 | Orc:2    | Found Dynkasef's Jewellery Shoppe.
 23055 | Orc:2    | Found Zuets's Weapon Boutique.
 23059 | Orc:2    | Found Zurasov's General Store.
 23059 | Orc:2    | Found Puwusoum's Antique Weapon Boutique.
 23065 | Orc:2    | 23065 ||| BUYING +5 ring of evasion (396 gold).
 23065 | Orc:2    | Bought a +5 ring of evasion for 396 gold pieces
 23065 | Orc:2    | 23065 ||| BUYING ring "Cugh" {rCorr Int+2 Dex-3 Slay+3}
                  | (412 gold).
 23065 | Orc:2    | Bought the ring "Cugh" {rCorr Int+2 Dex-3 Slay+3} for 412
                  | gold pieces
 23065 | Orc:2    | 23065 ||| BUYING ring "Sestreer" {rPois rF+ Int+3 Dex+4}
                  | (559 gold).
 23065 | Orc:2    | Bought the ring "Sestreer" {rPois rF+ Int+3 Dex+4} for 559
                  | gold pieces
 23065 | Orc:2    | 23065 ||| BUYING ring of protection from cold (275 gold).
 23065 | Orc:2    | Bought a ring of protection from cold for 275 gold pieces
 23153 | Orc:2    | Found a staircase to the Elven Halls.
 23176 | Orc:2    | Found Vyaxibeda's Weapon Emporium.
 23182 | Orc:2    | 23182 ||| DROPPING ring of ice.
 23183 | Orc:2    | 23183 ||| UPGRADING to +5 ring of evasion.
 23185 | Orc:2    | 23185 ||| UPGRADING to +6 ring of strength.
 23187 | Orc:2    | 23187 ||| DROPPING +4 ring of protection.
 23195 | Orc:2    | Found a burning altar of Makhleb.
 23224 | Orc:2    | 23224 ||| BUYING +0 morningstar of protection (68 gold).
 23224 | Orc:2    | Bought a +0 morningstar of protection for 68 gold pieces
 23224 | Orc:2    | 23224 ||| DROPPING +0 morningstar.
 23243 | Orc:1    | 23243 ||| INVOKING Heroism.
 23254 | Orc:1    | Reached XP level 17. HP: 108/108 MP: 22/24
 23501 | Orc:2    | 23501 ||| Stepping ~*~*~tactically~*~*~ (hiding).
 23513 | Orc:2    | 23513 ||| Stepping ~*~*~tactically~*~*~ (hiding).
 23685 | Orc:2    | 23685 ||| SWAPPING to +0 vampiric war axe.
 23725 | Orc:2    | 23725 ||| Stepping ~*~*~tactically~*~*~ (hiding).
 23726 | Orc:2    | 23726 ||| Stepping ~*~*~tactically~*~*~ (hiding).
 23727 | Orc:2    | 23727 ||| Stepping ~*~*~tactically~*~*~ (hiding).
 23728 | Orc:2    | 23728 ||| Stepping ~*~*~tactically~*~*~ (hiding).
 23729 | Orc:2    | 23729 ||| Stepping ~*~*~tactically~*~*~ (hiding).
 23730 | Orc:2    | 23730 ||| Stepping ~*~*~tactically~*~*~ (hiding).
 23731 | Orc:2    | 23731 ||| Stepping ~*~*~tactically~*~*~ (hiding).
 23740 | Orc:2    | 23740 ||| Stepping ~*~*~tactically~*~*~ (hiding).
 23777 | Orc:2    | 23777 ||| Stepping ~*~*~tactically~*~*~ (hiding).
 23806 | Orc:2    | Identified the +0 chain mail of Resonance {rC+}
 23807 | Orc:2    | 23807 ||| Stepping ~*~*~tactically~*~*~ (hiding).
 23808 | Orc:2    | 23808 ||| Stepping ~*~*~tactically~*~*~ (hiding).
 23822 | Orc:2    | 23822 ||| INVOKING Heroism.
 23843 | Orc:2    | Reached skill level 12 in Armour
 23977 | Orc:2    | 23977 ||| PLANNING SNAKE:1-3
 24101 | Snake:1  | Entered Level 1 of the Snake Pit
 24105 | Snake:1  | 24105 ||| READING scroll of enchant weapon.
 24105 | Snake:1  | 24105 ||| ENCHANTING +0 vampiric war axe.
 24135 | Snake:1  | 24135 ||| INVOKING Heroism.
 24230 | Snake:1  | Found a runed translucent gate.
 24230 | Snake:1  | Found a runed translucent gate.
 24230 | Snake:1  | Found a runed translucent gate.
 24234 | Snake:1  | Noticed Gygal Fez's ghost (adept MiFi)
 24234 | Snake:1  | Noticed wjtupper's ghost (adept MiHu)
 24362 | Snake:1  | Received a gift from Okawaru
 24592 | Snake:1  | 24592 ||| Stepping ~*~*~tactically~*~*~ (hiding).
 24595 | Snake:1  | 24595 ||| Stepping ~*~*~tactically~*~*~ (hiding).
 24596 | Snake:1  | 24596 ||| INVOKING Heroism.
 24598 | Snake:1  | 24598 ||| Stepping ~*~*~tactically~*~*~ (hiding).
 24694 | Snake:1  | 24694 ||| Stepping ~*~*~tactically~*~*~ (hiding).
 25262 | Snake:1  | 25262 ||| READING 3 scrolls labelled JEM VYJYWIG.
 25263 | Snake:1  | 25263 ||| DROPPING 2 scrolls of fog.
 25308 | Snake:2  | 25308 ||| INVOKING Heroism.
 25543 | Snake:2  | 25543 ||| Stepping ~*~*~tactically~*~*~ (hiding).
 25574 | Snake:2  | 25574 ||| Stepping ~*~*~tactically~*~*~ (hiding).
 25575 | Snake:2  | 25575 ||| Stepping ~*~*~tactically~*~*~ (hiding).
 25576 | Snake:2  | 25576 ||| Stepping ~*~*~tactically~*~*~ (hiding).
 25579 | Snake:2  | 25579 ||| Stepping ~*~*~tactically~*~*~ (hiding).
 25612 | Snake:2  | 25612 ||| Stepping ~*~*~tactically~*~*~ (hiding).
 25620 | Snake:2  | Received a gift from Okawaru
 25753 | Snake:2  | 25753 ||| Stepping ~*~*~tactically~*~*~ (hiding).
 25834 | Snake:2  | 25834 ||| Stepping ~*~*~tactically~*~*~ (stealth).
 25836 | Snake:2  | 25836 ||| Stepping ~*~*~tactically~*~*~ (hiding).
 25925 | Snake:2  | 25925 ||| Stepping ~*~*~tactically~*~*~ (hiding).
 25982 | Snake:2  | 25982 ||| Stepping ~*~*~tactically~*~*~ (hiding).
 25983 | Snake:2  | 25983 ||| Stepping ~*~*~tactically~*~*~ (hiding).
 26026 | Snake:2  | Received a gift from Okawaru
 26179 | Snake:2  | 26179 ||| Stepping ~*~*~tactically~*~*~ (hiding).
 26182 | Snake:2  | 26182 ||| INVOKING Heroism.
 26210 | Snake:2  | Reached skill level 18 in Shields
 26558 | Snake:3  | 26558 ||| Stepping ~*~*~tactically~*~*~ (hiding).
 26559 | Snake:3  | 26559 ||| Stepping ~*~*~tactically~*~*~ (stealth).
 26614 | Snake:3  | 26614 ||| INVOKING Heroism.
 26634 | Snake:3  | Received a gift from Okawaru
 26649 | Snake:3  | 26649 ||| Stepping ~*~*~tactically~*~*~ (hiding).
 26650 | Snake:3  | 26650 ||| INVOKING Heroism.
 26766 | Snake:3  | 26766 ||| INVOKING Heroism.
 26767 | Snake:3  | HP: 26/111 [naga warrior/+0 dire flail (12)]
 26768 | Snake:3  | 26768 ||| READING 7 scrolls of teleportation.
 26768 | Snake:3  | HP: 11/111 [salamander/+0 trident (15)]
 26768 | Snake:3  | Mangled by a naga warrior

Levels and vault maps discovered:
D:1:      mushboom_english_gardens, layout_basic,
          hellmonk_ecumenical_altar_inner_sanctum, minivault_5,
          due_unseen_surprise
D:2:      layout_loops_ring, serial_shops, nicolae_shop_gibbet_a_chance,
          uniq_crazy_yiuf_cottage
D:3:      layout_loops_ring, marbit_many_paths,
          nicolae_overflow_quartered_altars, ebering_ghost_reflecting_pool
D:4:      layout_rooms, mainiacjoe_overflow_alcove_4
D:5:      layout_basic, mainiacjoe_overflow_catwalk, portal_sewer_entry_d
D:6:      layout_basic, minmay_temple_entry_statues_fountains, uniq_grinder
D:7:      kennysheep_windowed_halls, layout_basic, mainiacjoe_overflow_alcove_1,
          kennysheep_generic_room_8
D:8:      nzn_winding_woodlands_three_and_one
          [nzn_winding_woodlands_5x15_split_checker,
          nzn_winding_woodlands_5x15_lazy_stream,
          nzn_winding_woodlands_5x15_eye, nzn_winding_woodlands_center_lodge],
          layout_basic, fedhas_altar_2, uniq_psyche, uniq_grum, uniq_pikel
D:9:      layout_basic, kennysheep_little_box,
          nicolae_ru_great_annihilating_truth, dpeg_lair_monsters,
          hiddenorc2_lemuel, minivault_16, nicolae_shop_sticking_my_neck_out
D:10:     layout_basic
D:11:     layout_loops_ring, portal_ice_cave_entry_pillars_1, uniq_lodul,
          uniq_erolcha
D:12:     layout_roguey, bloody_makhleb, uniq_nergalle, uniq_azrael
D:13:     regret_index_wax_grids, layout_irregular_city, erik_vaults_1,
          elves_outpost_lemuel, uniq_maurice
D:14:     layout_roguey, gammafunk_ghost_door_vault
D:15:     grunt_enter_depths_giant_problem, layout_long_grid,
          hangedman_decor_cross_pass, uniq_kirke, uniq_louise
Lair:1:   layout_loops_ring, uniq_gastronok
Lair:2:   dreamdust_cave_troll, layout_hall_layers, evilmike_ambush
          [evilmike_ambush_outer_basic, evilmike_ambush_inner_pond],
          grunt_megastairs_4, uniq_erica
Lair:3:   layout_roguey, shoals_dummy_entry, guppyfry_snake_entry_garden,
          grunt_megastairs_3, uniq_josephine
Lair:4:   layout_cave_shapes, nicolae_volcano_entry_batcave
Lair:5:   gammafunk_lair_ancient_temple, layout_cave_pods,
          nicolae_slime_entry_field_trip, lemuel_oklob_altar
Snake:1:  layout_chambers, gammafunk_ghost_cemetery, serial_bayou_shore_b
Snake:2:  layout_onion_interference, grunt_megastairs_2
Snake:3:  layout_rooms, grunt_ministairs_4
Orc:1:    layout_caves, basic_altar
Orc:2:    grunt_orc_tribal_feast, layout_diamond_mine, serial_shops,
          nicolae_shop_mannequins, basic_altar, elf_legates

Skill      XL: |  1  2  3  4  5  6  7  8  9 10 11 12 13 14 15 16 17 |
---------------+----------------------------------------------------+-----
Axes           | 2 3 4 5 6 8 9 11 12 13 14 15 16 | 16.0
Fighting       | 4 5 7 8 9 10 11 12 13 14 | 14.0
Dodging        | 1 2 3 4 5 |  5.0
Invocations    | 2 4 8 10 | 10.0
Throwing       | 1 2 3 5 7 8 |  8.0
Armour         | 4 6 7 8 9 11 12 | 12.2
Shields        | 4 5 6 7 12 16 17 18 | 18.0

Action                     |  1- 3 |  4- 6 |  7- 9 | 10-12 | 13-15 | 16-18 || total
---------------------------+-------+-------+-------+-------+-------+-------++-------
  Melee: War axe           |   111 |   115 |   260 |   450 |  1036 |   876 ||  2848
         Morningstar       |       |       |       |       |    35 |       ||    35
  Throw: Javelin           |     4 |    22 |    13 |     6 |    48 |    51 ||   144
         Boomerang         |       |       |     1 |   131 |   190 |    33 ||   355
 Invoke: Heroism           |       |     1 |    11 |    20 |    27 |    24 ||    83
         Finesse           |       |       |       |     2 |     7 |     5 ||    14
    Use: Scroll            |     7 |     3 |     4 |     6 |     9 |     6 ||    35
         Potion            |       |       |     1 |     6 |     5 |       ||    12
   Stab: Invisible         |       |       |       |     1 |       |       ||     1
 Armour: Scale mail        |    38 |    40 |    69 |       |       |       ||   147
         Plate armour      |       |       |    56 |   263 |   359 |   215 ||   893
         Chain mail        |       |       |       |       |   216 |       ||   216
  Dodge: Dodged            |    52 |    56 |    91 |   138 |   274 |   276 ||   887
         Repelled          |       |       |       |       |     1 |    25 ||    26
  Block: Buckler           |    25 |    60 |   137 |   208 |   159 |       ||   589
         Reflection        |       |     4 |     3 |     3 |     8 |       ||    18
         Kite shield       |       |       |       |       |   207 |       ||   207
         Tower shield      |       |       |       |       |   385 |   825 ||  1210

Table legend:
 A = Non-vault XP
 B = Vault XP
 C = Vault XP percentage of total XP
 D = Non-vault monster count
 E = Vault monster count
 F = Vault count percentage of total count
                 A         B        C        D         E       F
            +---------+---------+-------+---------+---------+-------
      Total |  149490 |   77680 |  34.2 |     596 |     298 |  33.3
            +---------+---------+-------+---------+---------+-------
        D:1 |      49 |       0 |   0.0 |      27 |       0 |   0.0
        D:2 |      15 |       0 |   0.0 |      10 |       0 |   0.0
        D:3 |      33 |       2 |   5.7 |      14 |       1 |   6.7
        D:4 |     324 |       0 |   0.0 |      23 |       0 |   0.0
        D:5 |     737 |      13 |   1.7 |      14 |       1 |   6.7
        D:6 |     104 |     262 |  71.6 |       9 |       1 |  10.0
        D:7 |    1508 |    2670 |  63.9 |      22 |      22 |  50.0
        D:8 |    1544 |    4123 |  72.8 |      12 |      22 |  64.7
        D:9 |    1696 |    3802 |  69.2 |      20 |      43 |  68.3
       D:10 |    1794 |       0 |   0.0 |      15 |       0 |   0.0
       D:11 |    6286 |    2353 |  27.2 |      29 |       8 |  21.6
       D:12 |    3980 |    3196 |  44.5 |      20 |      10 |  33.3
       D:13 |    5306 |   21431 |  80.2 |       9 |      67 |  88.2
       D:14 |    6696 |       0 |   0.0 |      11 |       0 |   0.0
       D:15 |   10273 |    4459 |  30.3 |      25 |       7 |  21.9
     Lair:1 |    8621 |    1450 |  14.4 |      29 |       1 |   3.3
     Lair:2 |    6707 |    4087 |  37.9 |      23 |      12 |  34.3
     Lair:3 |   15699 |    4113 |  20.8 |      47 |      18 |  27.7
     Lair:4 |    3197 |     591 |  15.6 |      13 |       3 |  18.8
     Lair:5 |   12180 |    8365 |  40.7 |      45 |      24 |  34.8
    Snake:1 |   12744 |       0 |   0.0 |      28 |       0 |   0.0
    Snake:2 |   12816 |     609 |   4.5 |      29 |       2 |   6.5
    Snake:3 |    6190 |    2376 |  27.7 |      12 |       5 |  29.4
      Orc:1 |    3037 |       0 |   0.0 |      26 |       0 |   0.0
      Orc:2 |    7164 |   13639 |  65.6 |      44 |      44 |  50.0
    Abyss:2 |   20790 |       0 |   0.0 |      40 |       0 |   0.0
      Sewer |       0 |     139 | 100.0 |       0 |       7 | 100.0
            +---------+---------+-------+---------+---------+-------
